 Dungeon Crawl Stone Soup version 0.31-a0-965-g8a8ce12e04 (webtiles) character file.

Game seed: 18313021020736266352

3358 croobank the Trooper (level 9, -2/80 HPs)
             Began as a Black Draconian Monk on Oct 26, 2023.
             Was an Initiate of Gozag.
             Slain by a wight
             ... wielding a +4 flail
              (12 damage)
             ... on level 8 of the Dungeon.
             The game lasted 01:00:34 (8152 turns).

croobank the Trooper (Black Draconian Monk)         Turns: 8152, Time: 01:00:35

Health: -2/80      AC:  9    Str: 12    XL:     9   Next: 73%
Magic:  16/17      EV: 14    Int: 22    God:    Gozag
Gold:   267        SH:  0    Dex: 13    Spells: 16/18 levels left

rFire   + . .        N - +2 mace (holy)
rCold   . . .        C - orb of Ubiquitous Mirth {mayhem, +Blink Str+3}
rNeg    . . .        (body armour unavailable)
rPois   .            (helmet restricted)
rElec   +            t - +1 cloak
rCorr   .            (no gloves)
SInv    +            (no boots)
Will    +....        B - amulet of the acrobat
Stlth   +            F - ring "Cuorph" {rF+ Will+ Str-4 Int+6 SInv}
HPRegen 0.33/turn    (no ring)
MPRegen 0.15/turn

%: mayhem, acrobat
@: short of breath, gold aura
A: breathe lightning, AC +7, unfitting armour, electricity resistance,
cold-blooded
a: Breathe Lightning, Renounce Religion, Evoke Blink, Potion Petition, Call
Merchant, Bribe Branch


You were on level 8 of the Dungeon.
You worshipped Gozag.
Gozag was aware of your devotion.
You visited 1 branch of the dungeon, and saw 8 of its levels.

You collected 1316 gold pieces.
You paid 1049 gold pieces to Gozag.

Inventory:

Hand Weapons
 d - a +1 short sword of venom
 g - a +3 dagger of venom
 h - a +0 falchion
 i - a +2 dagger of speed
 r - a +1 sling of flaming
 w - a +1 dagger of electrocution
 A - a +1 flail of draining
 M - a +0 scimitar of protection
 N - a +2 mace of holy wrath (weapon)
Missiles
 n - 10 boomerangs
 y - 12 javelins (quivered)
 z - 16 poisoned darts
 L - a curare-tipped dart
Armour
 c - an orb of light
 t - a +1 cloak (worn)
 C - the orb of Ubiquitous Mirth (worn) {mayhem, +Blink Str+3}
   (You found it on level 4 of the Dungeon)

   Str+3:     It affects your strength (+3).
   +Blink:    It lets you blink.
Jewellery
 B - an amulet of the acrobat (around neck)
 F - the ring "Cuorph" (left hand) {rF+ Will+ Str-4 Int+6 SInv}
   (You found it on level 5 of the Dungeon)

   [ring of intelligence]

   Str-4:     It affects your strength (-4).
   Int+6:     It affects your intelligence (+6).
   rF+:       It protects you from fire.
   Will+:     It increases your willpower.
   SInv:      It lets you see invisible.
Wands
 q - a wand of mindburst (6)
 G - a wand of flame (46)
Scrolls
 a - a scroll of amnesia
 e - 4 scrolls of blinking
 l - 2 scrolls of fog
 o - 2 scrolls of teleportation
 x - 2 scrolls of poison
 E - 4 scrolls of revelation
 H - a scroll of immolation {unknown}
 J - a scroll of vulnerability
 K - a scroll of enchant weapon {unknown}
 O - a scroll of identify
Potions
 b - 3 potions of ambrosia
 f - a potion of mutation
 j - 2 potions of curing
 k - 2 potions of lignification {unknown}
 m - 2 potions of attraction {unknown}
 p - 2 potions of magic {unknown}
 s - a potion of cancellation {unknown}
 u - a potion of experience {unknown}
 v - a potion of might {unknown}
 D - a potion of brilliance {unknown}


   Skills:
 + Level 7.7 Fighting
 + Level 6.9 Short Blades
 + Level 6.3 Dodging
 + Level 5.3 Spellcasting
 + Level 5.4 Hexes


You had 16 spell levels left.
You knew the following spells:

 Your Spells              Type           Power      Damage    Failure   Level
a - Slow                  Hex            100%       N/A       1%          1
b - Freeze                Ice            20%        1d4       10%         1

Your spell library contained the following spells:

 Spells                   Type           Power      Damage    Failure   Level
 Tukima's Dance           Hex            29%        N/A       3%          3
 Ensorcelled Hibernation  Hex/Ice        34%        N/A       4%          2
 Dazzling Flash           Conj/Hex       34%        N/A       10%         3
 Passwall                 Tmut/Erth      4%         N/A       14%         2
 Frozen Ramparts          Ice            10%        1d2       28%         3
 Hailstorm                Conj/Ice       5%         3d4       28%         3
 Swiftness                Air            5%         N/A       28%         3
 Volatile Blastmotes      Fire/Tloc      10%        2d10      28%         3
 Dimensional Bullseye     Hex/Tloc       8%         N/A       32%         4
 Iskenderun's Mystic Bla  Conj/Tloc      5%         2d3       67%         4
 Summon Forest            Summ/Tloc      2%         N/A       95%         5
 Eringya's Noxious Bog    Tmut/Pois      2%         4d6       100%        6
 Starburst                Conj/Fire      2%         6d3       100%        6
 Summon Hydra             Summ           2%         N/A       100%        7
 Maxwell's Capacitive Co  Air            2%         ∞         100%        8


Dungeon Overview and Level Annotations

Branches:
Dungeon (8/15)             Temple (0/1) D:6
   Lair: D:8-11

Altars:
Ashenzari
Elyvilon
Gozag
Hepliaklqana
Makhleb
Nemelex Xobeh
Okawaru
Trog
Xom


Innate Abilities, Weirdness & Mutations

You can breathe wild blasts of lightning.
Your glossy black scales are hard. (AC +7)
You cannot fit into any form of body armour.
You are resistant to electric shocks. (rElec)
You are cold-blooded and may be slowed by cold attacks.


Message History

The vampire mosquito closely misses you. x2
The vampire mosquito bites you but does no damage.
You feel less invigorated.
You feel less confused.
The vampire mosquito completely misses you.
The vampire mosquito barely misses you.
You closely miss the vampire mosquito. You tail-slap the vampire mosquito.
The vampire mosquito is heavily damaged.
The vampire mosquito bites you.
The vampire mosquito draws strength from your injuries!
The vampire mosquito bites you but does no damage.
The vampire mosquito bites you.
The vampire mosquito draws strength from your injuries!
You closely miss the vampire mosquito.
The vampire mosquito is moderately damaged.
The vampire mosquito bites you!
* * * LOW HITPOINT WARNING * * *
The vampire mosquito draws strength from your injuries!
The vampire mosquito barely misses you.
You hit the vampire mosquito.
The vampire mosquito convulses.
The vampire mosquito is moderately damaged.
The vampire mosquito closely misses you.
The vampire mosquito barely misses you. The vampire mosquito bites you.
* * * LOW HITPOINT WARNING * * *
The vampire mosquito draws strength from your injuries!
Activating: Breathe Lightning (4% risk of failure)
Press: ? - help, Dir - look around, f - activate You breathe a wild blast of lightning!
The orb of electricity explodes!
The orb of electricity engulfs you. You resist.
* * * LOW HITPOINT WARNING * * *
The orb of electricity engulfs the vampire mosquito!!!
You destroy the vampire mosquito!
There is a stone staircase leading down, spattered with blood here.
You climb downwards.
The vampire mosquito bites you.
* * * LOW HITPOINT WARNING * * *
The vampire mosquito draws strength from your injuries!
The vampire mosquito completely misses you.
The wight hits you with a +4 flail!
You die...
Your body crumbles into a pile of gold.

.............#
.............#
.............#
......^......##
..............#######
###+####............#
..........##'#......#
........###.y#......#
.......## #..#..@y..#
.......# .###..z.<.#
......## .# #......#
......# .. #......#
...$$$### #......#
.....## #......#
Y....# #.>.....
....## #........ ...#


You could see a vampire mosquito and a wight.

Vanquished Creatures
  Pikel (D:6)
  A wyvern (D:7)
  Eustachio (D:4)
  A steam dragon (D:6)
  A vampire mosquito (D:7)
  Edmund (D:5)
  2 sky beasts
  3 ice beasts
  An orc warrior (D:7)
  2 black bears
  An ogre (D:4)
  A centaur (D:8)
  2 kobold brigands (D:7)
  4 bullfrogs
  5 scorpions
  A howler monkey (D:4)
  2 orc priests
  3 hounds
  A jelly (D:6)
  2 iguanas
  2 orc wizards
  A sleepcap (D:4)
  Ijyb (D:5)
  Robin (D:5)
  10 adders
  3 gnolls (D:5)
  A shadow imp (D:5)
  A white imp (D:6)
  2 ufetubi (D:6)
  2 dart slugs
  19 orcs
  8 bats
  13 endoplasms
  6 giant cockroaches
  9 hobgoblins
  5 jackals (D:1)
  A quokka (D:4)
  6 ball pythons
  4 frilled lizards
  9 goblins
  11 kobolds
  9 rats
160 creatures vanquished.

Vanquished Creatures (collateral kills)
  A hobgoblin (D:5)
  A kobold (D:7)
  2 goblins (D:5)
4 creatures vanquished.

Grand Total: 164 creatures vanquished

Notes
Turn   | Place    | Note
-------+----------+-------------------------------------------
     0 | D:1      | croobank the Draconian Monk began the quest for the Orb.
     0 | D:1      | Reached XP level 1. HP: 19/19 MP: 1/1
    69 | D:1      | Reached XP level 2. HP: 23/26 MP: 2/2
   148 | D:1      | Found a faded altar of an unknown god.
   174 | D:1      | Got Plato's Omnibus of the Wyrd
   177 | D:1      | Learned a level 1 spell: Slow
   177 | D:1      | Prayed at the altar of an unknown god.
   177 | D:1      | Became a worshipper of Gozag Ym Sagoz the Greedy
   550 | D:1      | Reached XP level 3. HP: 33/33 MP: 3/3
   909 | D:2      | Reached XP level 4. HP: 5/40 MP: 3/5
   909 | D:2      | HP: 2/40 [orc/+0 club (3)]
   912 | D:2      | Reached skill level 4 in Fighting
  1093 | D:2      | Reached skill level 1 in Hexes
  1321 | D:2      | Reached skill level 1 in Spellcasting
  2205 | D:3      | Reached XP level 5. HP: 46/46 MP: 6/6
  2934 | D:4      | Found a bloodstained altar of Trog.
  2936 | D:4      | Noticed Eustachio
  3009 | D:4      | Killed Eustachio
  3010 | D:4      | Reached XP level 6. HP: 39/53 MP: 1/9
  3378 | D:4      | Reached skill level 5 in Fighting
  3378 | D:4      | Your scales start taking on a glossy black colour.
  3378 | D:4      | Reached XP level 7. HP: 39/61 MP: 4/10
  3378 | D:4      | Gained mutation: You are resistant to electric shocks.
                  | (rElec) [Black Draconian growth]
  3475 | D:4      | Identified the orb of Ubiquitous Mirth {mayhem, +Blink
                  | Str+3}
  3734 | D:4      | Found a sparkling altar of Nemelex Xobeh.
  4054 | D:5      | Entered Level 5 of the Dungeon
  4060 | D:5      | Learned a level 1 spell: Freeze
  4550 | D:5      | Found an iron altar of Okawaru.
  4550 | D:5      | Noticed Ijyb
  4554 | D:5      | Noticed Robin
  4558 | D:5      | Identified the ring "Cuorph" {rF+ Will+ Str-4 Int+6 SInv}
  4610 | D:5      | Reached skill level 5 in Short Blades
  4625 | D:5      | Killed Robin
  5041 | D:5      | Killed Ijyb
  5144 | D:5      | Found a broken altar of Ashenzari.
  5307 | D:5      | Noticed Edmund
  5327 | D:5      | Killed Edmund
  5328 | D:5      | Reached XP level 8. HP: 30/70 MP: 11/13
  5756 | D:6      | Noticed Pikel
  5899 | D:6      | Reached skill level 6 in Fighting
  5918 | D:6      | Reached skill level 5 in Dodging
  6075 | D:6      | Killed Pikel
  6076 | D:6      | Reached XP level 9. HP: 56/78 MP: 13/15
  6154 | D:6      | Found a staircase to the Ecumenical Temple.
  6206 | D:6      | Found a burning altar of Makhleb.
  6231 | D:6      | Found a shimmering altar of Xom.
  6232 | D:6      | Found a hazy altar of Hepliaklqana.
  6233 | D:6      | Noticed a spectral ugly thing
  6472 | D:6      | Reached skill level 7 in Fighting
  6954 | D:7      | Reached skill level 5 in Hexes
  7001 | D:7      | Reached skill level 5 in Spellcasting
  7278 | D:7      | Found a white marble altar of Elyvilon.
  8152 | D:8      | Slain by a wight

Illustrated notes

Levels and vault maps discovered:
D:1:      ldierk_walled_garden, layout_rooms,
          shapermc_ecumenical_altar_rom_forum, minmay_octomino_j4
D:2:      cheibrodos_pilgrimage, layout_loops_corners
D:3:      layout_loops_ring
D:4:      layout_basic, mainiacjoe_overflow_cross_hatched,
          nemelex_diamond_rough_becter, uniq_eustachio
D:5:      layout_basic, okawaru_gym_becter, mainiacjoe_overflow_24_doors,
          nicolae_goblin_pals, uniq_edmund
D:6:      layout_basic, bloody_makhleb, regret_index_temple_of_mockery,
          temple_pool_b, uniq_pikel
D:7:      layout_rooms, overflow_temple_1_default
D:8:      minmay_s_stair_smasher, layout_gridville, uniq_joseph

Skill      XL: |  1  2  3  4  5  6  7  8  9 |
---------------+----------------------------+-----
Dodging        | 3 4 5 6 |  6.3
Fighting       | 4 5 6 7 |  7.7
Hexes          | 1 2 3 4 5 |  5.4
Spellcasting   | 1 2 3 4 5 |  5.3
Short Blades   | 4 5 6 |  6.9

Action                     |  1- 3 |  4- 6 |  7- 9 || total
---------------------------+-------+-------+-------++-------
  Melee: Short sword       |    38 |       |   255 ||   293
         Tailslap          |    14 |    44 |    67 ||   125
         Dagger            |    39 |   272 |   144 ||   455
         Mace              |       |       |    17 ||    17
  Throw: Javelin           |       |       |     8 ||     8
         Throwing net      |       |       |     2 ||     2
   Cast: Slow              |       |    34 |    23 ||    57
         Freeze            |       |       |     4 ||     4
 Invoke: Potion Petition   |       |       |     3 ||     3
Ability: Breathe Lightning |       |       |    17 ||    17
  Evoke: Wand              |       |       |     5 ||     5
    Use: Scroll            |       |    10 |     8 ||    18
         Potion            |       |       |     3 ||     3
   Stab: Distracted        |       |     1 |     3 ||     4
 Armour: Skin              |    29 |    88 |   209 ||   326
  Dodge: Dodged            |    47 |   137 |   263 ||   447

Table legend: (Time is in decaauts)
 A = Elapsed time spent in this place.
 B = Non-inter-level travel time spent in this place.
 C = Inter-level travel time spent in this place.
 D = Time resting spent in this place.
 E = Time spent auto-exploring this place.
 F = Levels seen in this place.
 G = Mean time per level.
                   A        B        C        D        E       F      G
               +--------+--------+--------+--------+--------+-----+--------+
         Total |   7878 |   7633 |    245 |   1693 |   4318 |   8 |  984.8 |
       Dungeon |   7878 |   7633 |    245 |   1693 |   4318 |   8 |  984.8 |
               +--------+--------+--------+--------+--------+-----+--------+

Top non-repeatable levels by time:
     D:5: 1584 daAuts
     D:7: 1357 daAuts
     D:2: 1343 daAuts
     D:4: 1092 daAuts
     D:6: 979 daAuts
     D:1: 742 daAuts
     D:3: 700 daAuts
     D:8: 78 daAuts
